[Event "Early-Titled-Tuesday-Blitz-September-05-2023"]
[Site "Chess.com"]
[Date "2023.09.05"]
[Round "1"]
[White "Fh2411"]
[Black "suspiciumchess"]
[Result "1-0"]
[WhiteElo "2616"]
[BlackElo "2281"]
[TimeControl "180+1"]
[EndTime "8:08:33 PDT"]
[Termination "Fh2411 won by checkmate"]

1. d4 d5 2. Nf3 Nf6 3. Bf4 c5 4. e3 Nc6 5. Nbd2 Bf5 6. dxc5 e6 7. Nd4 Bxc5 8. Nxf5 exf5 9. c3 O-O 10. Be2 Re8 11.
O-O Ne4 12. Nb3 Bb6 13. Bg3 g6 14. Nd4 h5 15. Bb5 h4 16. Bf4 Rc8 17. h3 Re7 18.
Qa4 Ne5 19. Rad1 a6 20. Be2 Nc4 21. Bxc4 Rxc4 22. Qb3 Bc7 23. Ne2 Rd7 24. Bxc7 Qxc7 25. Nf4 Rc5 26. Rxd5 Rcxd5 27. Nxd5 Qc6 28. Rd1 Kh8 29.
Rd4 Nc5 30. Qd1 Ne6 31. Rxh4+ Kg7 32. c4 b5 33. b3 bxc4 34. Qa1+ c3 35. Qxc3+ Qxc3 36. Nxc3 Rd2 37. Ra4 Nc5 38. Ra5 Nd3 39. Rd5 Kf6 40.
Rd4 Ke5 41. g3 f6 42. h4 Ke6 43. Nd5 a5 44. Rxd3 Rxd3 45. Nf4+ Ke5 46. Nxd3+ Ke4 47.
Nb2 Kf3 48. Kf1 g5 49. hxg5 fxg5 50. Nc4 a4 51. bxa4 f4 52. exf4 gxf4 53. gxf4 Ke4 54.
a5 Kd3 55. a6 Kc2 56. a7 Kb1 57. a8=Q Ka1 58. Qe4 Kxa2 59. Qe3 Kb1 60. Qd3+ Ka1 61. Qd2 Kb1 62. Qb2# 1-0

[Event "Early-Titled-Tuesday-Blitz-September-05-2023"]
[Site "Chess.com"]
[Date "2023.09.05"]
[Round "1"]
[White "assezde36"]
[Black "colegiodemadrid"]
[Result "0-1"]
[WhiteElo "2768"]
[BlackElo "2449"]
[TimeControl "180+1"]
[EndTime "8:08:34 PDT"]
[Termination "colegiodemadrid won by checkmate"]

1. d4 Nf6 2. Nf3 g6 3. Nc3 d5 4.
Bf4 a6 5. e3 Bg7 6. h3 O-O 7.
Be2 b5 8. O-O Nbd7 9. Bh2 Bb7 10. a4 b4 11. Na2 a5 12. c3 c5 13. dxc5 Nxc5 14. cxb4 axb4 15. Nxb4 Nfe4 16. Nd4 Qb6 17. Bb5 Rfd8 18. Ndc6 Bxc6 19. Nxc6 Rd7 20. Qc2 e6 21. Nd4 Rdd8 22. b4 Bxd4 23. exd4 Nb7 24. Qc6 Qa7 25. Rac1 Nbd6 26. Bxd6 Rxd6 27. Qc2 Rdd8 28.
Rfd1 Kg7 29. a5 Rab8 30. Bd3 Rxb4 31. a6 Nd6 32. Bf1 Nc4 33. Ra1 Rc8 34. Qc3 Rb6 35. Bxc4 Rxc4 36. Qg3 Rxa6 37. Rab1 Rb6 38. Qe5+ Kg8 39.
Ra1 Qb7 40. h4 h5 41. Qf6 Rc8 42. Qg5 Rb2 43. Qf4 Qc7 44. Qg3 Qxg3 45. fxg3 Rcc2 46. Kf1 Rxg2 47. Rd3 Rbf2+ 48. Ke1 Rb2 49. Kf1 Rh2 50.
Kg1 Rbg2+ 51. Kf1 Rd2 52. Kg1 Rhg2+ 53. Kf1 Rgf2+ 54. Ke1 Rfe2+ 55. Kf1 Rxd3 56. Kxe2 Rxg3 57. Rd1 Rg4 58. Kf3 Rxh4 59. Kg3 Re4 60. Kf3 Kg7 61. Rd2 g5 62. Rd1 Kg6 63. Kg3 h4+ 64. Kf3 f5 65. Kf2 g4 66. Kg2 Kg5 67. Kf2 h3 68. Kg3 f4+ 69. Kf2 g3+ 70. Kf3 Re3# 0-1

[Event "Early-Titled-Tuesday-Blitz-September-05-2023"]
[Site "Chess.com"]
[Date "2023.09.05"]
[Round "1"]
[White "Arifarsky"]
[Black "Der_Balak_3Halak"]
[Result "1-0"]
[WhiteElo "2698"]
[BlackElo "2397"]
[TimeControl "180+1"]
[EndTime "8:08:34 PDT"]
[Termination "Arifarsky won by checkmate"]

1. Nf3 Nf6 2. g3 g6 3. Bg2 Bg7 4. O-O O-O 5. d4 d5 6. c4 c6 7. cxd5 cxd5 8. Nc3 Nc6 9. Ne5 e6 10. Bf4 Nd7 11. Nxc6 bxc6 12. e4 Bb7 13. Bd6 Re8 14.
e5 c5 15. f4 cxd4 16. Qxd4 Nb6 17. Bc5 Rc8 18. Nb5 Ba6 19. Nxa7 Rxc5 20. Qxc5 Bxf1 21. Bxf1 f6 22. Nc6 Qc7 23. Rc1 fxe5 24. Nxe5 Qxc5+ 25. Rxc5 Na4 26. Rc2 Bf8 27. Bb5 Ra8 28. Bxa4 Rxa4 29. b3 Re4 30. Kf2 Bb4 31. Nd3 Ba5 32. Re2 Bb6+ 33. Kf3 Rxe2 34. Kxe2 Kf7 35. Ne5+ Ke7 36. b4 Kd6 37. a4 Bd4 38. Nf7+ Ke7 39. Ne5 Kd6 40.
Nd3 Bc3 41. b5 Ba5 42. Ne5 g5 43. Nf7+ Kc5 44. Nxg5 Kb4 45. Nxe6 Kxa4 46. f5 Bc3 47. b6 Be5 48. b7 Kb5 49. f6 Kc6 50. f7 Kxb7 51.
f8=Q Kc6 52. Qc5+ Kd7 53. Qxd5+ Bd6 54. Nd4 h5 55. Qe6+ Kc7 56. Nb5+ Kc6 57. Nxd6 h4 58. Ne4+ Kb5 59. Qd5+ Kb4 60. Qc5+ Ka4 61. Qb6 h3 62. Nc5+ Ka3 63. Qb3# 1-0

[Event "Early-Titled-Tuesday-Blitz-September-05-2023"]
[Site "Chess.com"]
[Date "2023.09.05"]
[Round "1"]
[White "ShahMatKanal"]
[Black "Evgeny81"]
[Result "0-1"]
[WhiteElo "2421"]
[BlackElo "2753"]
[TimeControl "180+1"]
[EndTime "8:08:37 PDT"]
[Termination "Evgeny81 won by checkmate"]

1. d4 Nf6 2. c4 e5 3. dxe5 Ne4 4. e3 Nc6 5. Nf3 d6 6. Bd3 Nc5 7. Bc2 dxe5 8. Qxd8+ Kxd8 9. Nc3 Be6 10. b3 Kc8 11. Bb2 Nb4 12. O-O-O Nxc2 13. Kxc2 Bf5+ 14. Kc1 Nd3+ 15. Rxd3 Bxd3 16. Nxe5 Bg6 17. h4 f6 18. Nxg6 hxg6 19. Nd5 Bd6 20. g3 c6 21. Nc3 Be5 22. Ne2 Bxb2+ 23. Kxb2 g5 24. h5 Kc7 25. g4 Rad8 26. Kc3 g6 27. Ng3 gxh5 28. Nxh5 Rdf8 29. e4 Rh7 30. Re1 Rd7 31. f3 Rfd8 32. Re3 Rd6 33. c5 Re6 34. Ng7 Re5 35. b4 a5 36. a3 axb4+ 37.
axb4 Ra8 38. Kb3 b6 39. cxb6+ Kxb6 40. Nh5 Kb5 41. Nxf6 Ra4 42. Nd7 Rxb4+ 43. Kc3 Re7 44. Nf6 Ra7 45. Rd3 Ra3+ 46. Kd2 Rb2+ 47. Ke3 Rbb3 48. Rxb3+ Rxb3+ 49. Kd4 c5+ 50. Ke5 Rxf3 51. Nh7 c4 52. Nxg5 Rf1 53. Ne6 c3 54. g5 Kc4 55.
Nd4 Rg1 56. Ne2 Rxg5+ 57. Kf6 Rg2 58. Nxc3 Kxc3 59. e5 Rf2+ 60. Ke7 Kd4 61. e6 Kd5 62. Kd7 Ra2 63. e7 Ra7+ 64. Kd8 Ra8+ 65. Kd7 Ra7+ 66.
Kd8 Kd6 67. e8=Q Ra8# 0-1

[Event "Early-Titled-Tuesday-Blitz-September-05-2023"]
[Site "Chess.com"]
[Date "2023.09.05"]
[Round "1"]
[White "Casper"]
[Black "CSB7"]
[Result "0-1"]
[WhiteElo "2397"]
[BlackElo "2701"]
[TimeControl "180+1"]
[EndTime "8:08:46 PDT"]
[Termination "CSB7 won by resignation"]

1. e4 e5 2. d4 exd4 3. Qxd4 Nc6 4. Qe3 Nf6 5. Nc3 Bb4 6. Bd2 O-O 7. O-O-O Re8 8.
Qf4 Bxc3 9. Bxc3 Rxe4 10. Qg3 d5 11. f3 Re6 12. Bc4 Rd6 13. Bxf6 Qxf6 14. Bxd5 Nb4 15. Qe1 Qf4+ 16. Kb1 Bf5 17. Ne2 Bxc2+ 18. Ka1 Bxd1 19.
Nxf4 Nc2+ 20. Kb1 Nxe1 21. Rxe1 Ba4 22. Re7 Rd7 23. Bxf7+ Kf8 24. Rxd7 Bxd7 25. Bd5 c6 26. Be4 g6 27. Nd3 Bf5 28. Bxf5 gxf5 29. Kc2 Ke7 30. Kd2 b6 31. Ke3 Kf6 32. Nb4 Re8+ 33. Kd3 Re6 34. Nc2 Rd6+ 35. Ke3 Ke5 36. Nb4 f4+ 37. Ke2 c5 38.
Nd3+ Kf5 39. b3 Rg6 40. Kf2 Rd6 41. Ke2 Rg6 42. Kf2 h5 43. Kf1 h4 44. Kf2 Rd6 45.
Ke2 Re6+ 46. Kf2 Rd6 47. Ke2 Rd5 48. Nf2 Rd4 49. Nd3 a6 50. a4 Rd5 51. Nb2 b5 52. axb5 axb5 53. Nd3 c4 54. bxc4 bxc4 55. Ne1 Re5+ 56. Kd2 Re3 57. Nc2 Rd3+ 58. Ke2 Ke5 59.
Ne1 Rb3 60. Nc2 Kd5 61. Kd2 Rd3+ 62. Ke2 Kc5 63. Ne1 Rc3 64. Kd2 Ra3 65. Nc2 Ra2 66. Kc3 Ra8 67. Nd4 Ra3+ 68. Kb2 Kxd4 69. Kxa3 Kc3 70. Ka2 Kd2 71. g4 fxg3 72. f4 gxh2 0-1

[Event "Early-Titled-Tuesday-Blitz-September-05-2023"]
[Site "Chess.com"]
[Date "2023.09.05"]
[Round "1"]
[White "ChEsper99"]
[Black "ArtemDyachuk"]
[Result "1/2-1/2"]
[WhiteElo "2166"]
[BlackElo "2567"]
[TimeControl "180+1"]
[EndTime "8:08:46 PDT"]
[Termination "Game drawn by repetition"]

1. e4 c6 2. Nc3 d5 3. Nf3 Nf6 4. e5 Ne4 5. Ne2 Qb6 6. d4 e6 7. Ng3 c5 8. Bd3 cxd4 9. Nxe4 dxe4 10. Bxe4 Nc6 11. O-O Bd7 12. a3 Qc7 13. Bxc6 Bxc6 14. Nxd4 O-O-O 15. Re1 Bc5 16. c3 Rd5 17. Qg4 Bxd4 18.
cxd4 g6 19. Be3 h5 20. Qe2 g5 21. b4 Kb8 22. a4 a6 23. Bxg5 Rg8 24. h4 Rxd4 25. b5 Bd5 26. bxa6 Rg4 27. g3 Qc5 28. Be3 Qb4 29. Reb1 Rxg3+ 30. fxg3 Qxh4 31. Kf1 Rxg3 32. a7+ Ka8 33. Qf2 Qg4 34. Rc1 Bc4+ 35. Ke1 Rg1+ 36. Kd2 Rg2 37. Qxg2 Qxg2+ 38. Kc3 Qc6 39. Kb4 Qe4 40.
Rxc4 Qxe3 41. Rac1 Kxa7 42. R1c3 Qxe5 43. Rc7 Qd6+ 44. R3c5 h4 45. Kb5 Qb6+ 46. Kc4 h3 47.
Rxf7 Qb2 48. Ra5+ Kb8 49. Rf8+ Kc7 50. Rc5+ Kd6 51. Rd8+ Ke7 52. Rh8 h2 53. Rxh2 Qxh2 54. Rb5 Kf6 55. Rxb7 Qh4+ 56. Kb5 Qg5+ 57. Kb6 Qd5 58. a5 e5 59. a6 Qb3+ 60. Ka7 Qa4 61. Rb6+ Kf5 62. Kb7 Qd7+ 63. Kb8 Qd8+ 64. Kb7 Qd7+ 65.
Kb8 Qd4 66. Kb7 e4 67. a7 Qd5+ 68. Kb8 Qg8+ 69. Kb7 Qf7+ 70. Kb8 Qe8+ 71. Kb7 Qd7+ 72. Kb8 Qd8+ 73. Kb7 Qd5+ 74. Kb8 Qc5 75. Kb7 Qd5+ 1/2-1/2

[Event "Early-Titled-Tuesday-Blitz-September-05-2023"]
[Site "Chess.com"]
[Date "2023.09.05"]
[Round "1"]
[White "Jumbo"]
[Black "dosto07"]
[Result "1-0"]
[WhiteElo "2945"]
[BlackElo "2507"]
[TimeControl "180+1"]
[EndTime "8:08:50 PDT"]
[Termination "Jumbo won on time"]

1. d4 d5 2. c3 Nf6 3. Bf4 c6 4. e3 Bf5 5. Qb3 Qb6 6. c4 e6 7. c5 Qxb3 8. axb3 Nbd7 9. b4 Nh5 10. b5 Nxf4 11. exf4 Be7 12. Nc3 O-O 13. Nf3 Bf6 14. Be2 Be4 15. Ra4 Bxf3 16. Bxf3 a6 17. bxc6 bxc6 18.
Kd2 Rfb8 19. Kc2 Rb7 20. Rha1 Rab8 21. R1a2 g6 22. Ne2 Rb4 23. g3 R8b7 24. h4 h5 25. Bg2 Nb8 26. Bf1 Kf8 27. Rxb4 Rxb4 28. Kc3 Rc4+ 29. Kd3 Ke7 30. b3 Rb4 31. Kc3 Rb7 32. b4 Kd8 33. Kb3 Kc7 34. Kc3 Bg7 35. Nc1 Ra7 36. Nb3 Ra8 37. Bd3 Kb7 38. Na5+ Kc7 39. Nb3 Kb7 40. Ra5 Bf6 41. Ra4 Bd8 42. Be2 Bc7 43. Nc1 Kc8 44. Nd3 Kb7 45. Ne5 Bxe5 46.
fxe5 Nd7 47. Kd2 a5 48. bxa5 Ka7 49. Rb4 Rb8 50. Rxb8 Nxb8 51. Ke3 Na6 52. Kd2 Nb4 53. Kc3 Na6 54. Kb3 Nc7 55. Kb4 Na6+ 56. Ka4 Nc7 57. f3 Ne8 58. g4 Ng7 59. Bd3 Ne8 60. gxh5 gxh5 61. f4 Ng7 62. Bh7 Ne8 63. Bg8 Ng7 64. Bxf7 Nf5 65. Bxe6 Nxh4 66. f5 Nf3 67. f6 Ng5 68. Bd7 h4 69. Bxc6 h3 70. Bxd5 Ne6 71. f7 Nf8 72. c6 h2 73. Kb4 1-0

[Event "Early-Titled-Tuesday-Blitz-September-05-2023"]
[Site "Chess.com"]
[Date "2023.09.05"]
[Round "1"]
[White "Emp3rador"]
[Black "moro182"]
[Result "0-1"]
[WhiteElo "2468"]
[BlackElo "2844"]
[TimeControl "180+1"]
[EndTime "8:08:56 PDT"]
[Termination "moro182 won by resignation"]

1. e4 g6 2. d4 Bg7 3. Nc3 a6 4.
h3 b5 5. g4 Bb7 6. Bg2 d6 7.
Nge2 Nd7 8. O-O e6 9. Be3 Nb6 10.
b3 h5 11. g5 Ne7 12. f4 O-O 13. Qd2 Qc8 14. h4 c5 15. Rad1 Rd8 16. dxc5 dxc5 17.
Qxd8+ Qxd8 18. Rxd8+ Rxd8 19. Bxc5 Nec8 20. e5 Bxg2 21.
Kxg2 Rd2 22. Rc1 Bf8 23. Bxf8 Kxf8 24. Kf3 Ne7 25. Ne4 Rd8 26. N2g3 Rc8 27. c3 a5 28. Nd6 Rc5 29. Nge4 Rd5 30. Ke2 Nf5 31. Nxf5 exf5 32. Nd6 Ke7 33. c4 bxc4 34. bxc4 Rc5 35. Kd3 Nd7 36. Kd4 Rc7 37. c5 Nf8 38. c6 Ne6+ 39.
Ke3 Nd8 40. Rc5 Rxc6 41. Rxa5 Rc3+ 42. Kd4 Rh3 43. Kd5 Rd3+ 44. Kc4 Rf3 45. Kd5 Rd3+ 46.
Kc4 Rd1 47. Ra7+ Ke6 48. Nc8 Nc6 49. Ra6 Rc1+ 50. Kd3 Kd5 51. Nb6+ Kc5 52. Nd7+ Kd5 53. Nf6+ Kc5 54. Nd7+ Kb5 55. Rb6+ Ka5 56. Rb2 Rd1+ 57. Kc4 Rxd7 58. Kc5 Nd4 59. Rb8 Ka6 60. Rg8 Ne6+ 61.
Kc4 Nxf4 62. Kc5 Ne6+ 63. Kc6 Rc7+ 64. Kd6 Rb7 65. Kc6 f4 66. Ra8+ Ra7 67. Rb8 Rc7+ 68. Kd6 Rb7 69. Ra8+ Ra7 70. Rb8 Rb7 71. Ra8+ Kb6 72.
Ra3 Ra7 73. Rb3+ Ka6 74. Kc6 Rc7+ 75. Kd6 Rc4 76. Ke7 Rc7+ 77. Kd6 Ka5 78. Re3 fxe3 0-1

[Event "Early-Titled-Tuesday-Blitz-September-05-2023"]
[Site "Chess.com"]
[Date "2023.09.05"]
[Round "1"]
[White "ArmanGhevondyanchess"]
[Black "tsaruk_maks"]
[Result "1-0"]
[WhiteElo "2461"]
[BlackElo "2759"]
[TimeControl "180+1"]
[EndTime "8:08:58 PDT"]
[Termination "ArmanGhevondyanchess won on time"]

1. Nf3 Nf6 2. d4 d5 3. g3 c5 4.
Bg2 Nc6 5. O-O e6 6. c4 dxc4 7.
Qa4 Bd7 8. Qxc4 b5 9. Qd3 c4 10. Qd1 Be7 11. Bf4 O-O 12. Ne5 Rc8 13. Nc3 b4 14. Ne4 Nxe5 15. Nxf6+ Bxf6 16. dxe5 Be7 17.
Rc1 Bb5 18. Qc2 Qa5 19. Bb7 Rc7 20. Be4 h6 21. Rfd1 Qxa2 22. Qd2 c3 23. bxc3 Qxd2 24. Bxd2 b3 25. Bd3 Bxd3 26. exd3 b2 27. Rc2 Rb8 28.
Rb1 Ba3 29. c4 Rb3 30. Bc3 a5 31. Bxa5 Rd7 32. Kf1 Rdxd3 33. Ke2 g5 34. c5 Rd5 35.
c6 Rxe5+ 36. Kf1 Rxa5 37. c7 Ra8 38. c8=Q+ Rxc8 39. Rxc8+ Kg7 40. Ke2 g4 41. Rc4 h5 42.
Re4 Be7 43. Re3 Rb5 44. Rd3 Bf6 45. f3 Rc5 46. fxg4 hxg4 47. Rd2 Kg6 48. Kf2 Rf5+ 49. Kg2 Rb5 50. Re2 Rb3 51. h3 gxh3+ 52. Kxh3 Bd4 53.
Kg2 f5 54. Rd2 Kg5 55. Rxd4 e5 56. Rd2 Kg4 57. Rbxb2 Rxg3+ 58. Kf1 e4 59. Rg2 f4 60.
Rxg3+ Kxg3 61. Rb3+ e3 62. Rb7 f3 63. Rg7+ Kf4 64. Ke1 Ke4 65. Rf7 e2 66. Kf2 Kd3 67.
Rd7+ Ke4 68. Re7+ Kf4 69. Rf7+ Ke4 70. Rf8 Kd3 71. Rxf3+ Kd2 72. Re3 e1=Q+ 73. Rxe1 1-0

[Event "Early-Titled-Tuesday-Blitz-September-05-2023"]
[Site "Chess.com"]
[Date "2023.09.05"]
[Round "1"]
[White "Aisen1011"]
[Black "chess94cu"]
[Result "0-1"]
[WhiteElo "2402"]
[BlackElo "2718"]
[TimeControl "180+1"]
[EndTime "8:08:59 PDT"]
[Termination "chess94cu won by checkmate"]

1. d4 Nf6 2. Nf3 e6 3. g3 b6 4. Bg2 Bb7 5. c4 Be7 6. O-O O-O 7. Nc3 Ne4 8. Qc2 f5 9. Rd1 Nxc3 10. Qxc3 d6 11.
Ne1 Bxg2 12. Nxg2 Nd7 13. Nf4 Rf6 14. d5 e5 15. Ne6 Qc8 16. Bg5 Rf7 17. Qf3 Bxg5 18. Nxg5 Rf6 19. Qh5 h6 20. Ne6 Nc5 21.
Nxc5 bxc5 22. Rd3 Rb8 23. Rb3 a5 24. Qf3 a4 25. Rxb8 Qxb8 26. Qa3 Rf8 27. Rb1 Qa7 28. b4 cxb4 29. Rxb4 Qd4 30. Qxa4 f4 31. g4 f3 32. exf3 Rxf3 33. Rb8+ Kh7 34. Qc2+ g6 35. Rb7 Qxg4+ 36. Kf1 Qh3+ 37. Kg1 Rf7 38. a4 Qg4+ 39. Kf1 Qf3 40. Kg1 h5 41. a5 Rf4 42. Rxc7+ Kh6 43. Qd2 g5 44. Kf1 Qh1+ 45. Ke2 Qe4+ 46. Qe3 Qc2+ 47. Kf1 Qd1+ 48. Qe1 Qd3+ 49. Qe2 Qh3+ 50. Ke1 Qc3+ 51. Qd2 Re4+ 52. Kd1 Rd4 53. Qxd4 Qxd4+ 54. Ke2 Qb2+ 55. Kf1 Qa1+ 56. Kg2 Qxa5 57. Rc6 Qb4 58. h3 Kg7 59. Kh2 Kf7 60. Rc7+ Kf6 61. Rc6 Kf5 62. Kg2 h4 63. Rc8 Qb3 64. Rf8+ Ke4 65. Rc8 Kd4 66. Rc6 e4 67. Rxd6 Qf3+ 68. Kg1 Qxh3 69.
Rg6 Qg4+ 70. Kf1 h3 71. d6 h2 72. Ke1 h1=Q+ 73. Kd2 Qhd1# 0-1

[Event "Early-Titled-Tuesday-Blitz-September-05-2023"]
[Site "Chess.com"]
[Date "2023.09.05"]
[Round "1"]
[White "Rosh1610"]
[Black "Rodalquilar"]
[Result "0-1"]
[WhiteElo "2440"]
[BlackElo "2796"]
[TimeControl "180+1"]
[EndTime "8:09:00 PDT"]
[Termination "Rodalquilar won by checkmate"]

1. e4 d5 2. exd5 Qxd5 3. Nc3 Qa5 4. d4 Nf6 5. Nf3 Bf5 6. Bc4 e6 7. Bd2 Bb4 8. a3 Bxc3 9. Bxc3 Qb6 10. O-O Nc6 11. Ne5 Nxe5 12. dxe5 Rd8 13. Qf3 Ne4 14. Rad1 O-O 15. h3 h6 16. a4 Nxc3 17. Qxc3 Qc6 18. b3 Be4 19. f3 Bd5 20. Rd4 Bxc4 21. Rxc4 Qb6+ 22. Kh1 c6 23. Rg4 Rd5 24. f4 Qd4 25. Qg3 Qe4 26. Rxg7+ Kh8 27. Rg4 Qf5 28. Qh4 Kh7 29. Rf2 Rd7 30. Rg5 Qe4 31. Rh5 Rg8 32.
Rxh6+ Kg7 33. Rh5 Kf8 34. Rg5 Rxg5 35. Qxg5 Rd1+ 36. Kh2 Qe1 37. Qh6+ Ke8 38. Kg3 Rd2 39. Qh8+ Kd7 40. Kg4 Qxf2 41. g3 Qe2+ 42. Kh4 Qe4 43. Qf8 Qh7+ 44. Kg4 Qg6+ 45. Kh4 Kc7 46. Qe7+ Rd7 47. Qc5 Rd8 48. Qa5+ Kc8 49. g4 Rh8+ 50. Kg3 Qh6 51. Qxa7 Qxh3+ 52. Kf2 Qh2+ 53. Ke1 Qh1+ 54. Kd2 Rh2+ 55. Kc3 Qg2 56. Qa8+ Kc7 57. Qa5+ Kd7 58. Qb6 Qxc2+ 59. Kb4 Qd2+ 60. Ka3 Kc8 61. Qa7 Qc1+ 62. Kb4 Qxf4+ 63. Ka3 Qc1+ 64. Kb4 Qe1+ 65. Ka3 Qxe5 66. Qa8+ Qb8 67. Qa5 Qd6+ 68. b4 Qd3# 0-1

[Event "Early-Titled-Tuesday-Blitz-September-05-2023"]
[Site "Chess.com"]
[Date "2023.09.05"]
[Round "1"]
[White "GianmarcoVaR"]
[Black "MrBad74"]
[Result "1/2-1/2"]
[WhiteElo "2645"]
[BlackElo "2351"]
[TimeControl "180+1"]
[EndTime "8:09:06 PDT"]
[Termination "Game drawn - insufficient material"]

1. e4 e6 2. d4 d5 3. Nd2 c5 4. Ngf3 cxd4 5. Nxd4 Nc6 6. Bb5 Bd7 7. Nxc6 bxc6 8.
Bd3 Bd6 9. Qe2 Ne7 10. Nf3 Ng6 11. e5 Bc7 12. b3 Qb8 13. Bxg6 hxg6 14. Ba3 Qb5 15.
Qxb5 cxb5 16. Bc5 a5 17. h4 f6 18. Bd4 Kf7 19. Kd2 b4 20. a3 bxa3 21. Rhb1 Bb5 22.
Rxa3 Ra6 23. Rba1 Rha8 24. Bc3 Bd8 25. g3 a4 26. Nd4 axb3 27. Nxb5 Rxa3 28. Rxa3 Rxa3 29.
Nxa3 bxc2 30. Nxc2 Bb6 31. Ke2 Bc7 32. f4 g5 33. Kf3 gxh4 34. gxh4 Kg6 35. Kg4 Bb6 36. h5+ Kf7 37. Bd4 Bc7 38. Ne1 Ba5 39.
Ng2 Bd2 40. Nh4 Ba5 41. Nf3 Bc7 42. Nh4 Ba5 43. Kf3 Bd8 44. Ng6 Ba5 45. Ke2 Bd8 46.
Kd3 Ba5 47. Kc2 Be1 48. Kb3 Bd2 49. Ka4 Be1 50. Kb5 Bd2 51. Kc6 Be1 52. Kd7 Bd2 53.
Kd6 Bc1 54. Kd7 Bd2 55. Kc6 Bc1 56. Kc7 Bd2 57. Kb7 Bc1 58. Ka6 Bd2 59. Kb5 Bc1 60. Ka4 Bd2 61. Kb3 Ba5 62. Kc2 Bd8 63. Kd3 Ba5 64.
Ke2 Bd8 65. Kf3 Ba5 66. Kg4 Bd2 67. Bb2 Ba5 68. Ba1 Bd8 69. Bd4 Ba5 70. Nh4 Bd8 71.
Nf3 Ba5 72. Bb2 Bd8 73. f5 Ba5 74. exf6 gxf6 75. fxe6+ Kxe6 76. Nd4+ Kf7 77. Kf5 Bd2 78. Ne2 Bg5 79. Bd4 Kg7 80. Ng1 Kh6 81. Kg4 f5+ 82. Kxf5 Kxh5 83. Nf3 Bc1 84. Ne1 Kh4 85. Nd3 Bd2 86.
Ne5 Kg3 87. Nd3 Kf3 88. Ke5 Ke2 89. Nb2 Bc1 90. Na4 Kd3 91. Kxd5 Be3 92. Nc5+ Ke2 93. Ke4 Bxd4 1/2-1/2

[Event "Early-Titled-Tuesday-Blitz-September-05-2023"]
[Site "Chess.com"]
[Date "2023.09.05"]
[Round "1"]
[White "NelsonLinda"]
[Black "frederiksvane"]
[Result "0-1"]
[WhiteElo "2500"]
[BlackElo "2930"]
[TimeControl "180+1"]
[EndTime "8:09:11 PDT"]
[Termination "frederiksvane won by resignation"]

1. b3 d5 2. Bb2 Nf6 3. Nf3 c6 4. g3 Bg4 5. Ne5 Bh5 6. Bg2 e6 7. d3 Be7 8. Nd2 Nbd7 9. Ndf3 O-O 10. O-O a5 11. a3 Nxe5 12. Nxe5 Nd7 13. Nxd7 Qxd7 14.
Qd2 b5 15. e4 dxe4 16. Bxe4 Bg6 17. Bg2 Rfd8 18. Rfe1 h6 19. Rab1 Ra6 20. h4 c5 21.
Qf4 Bd6 22. Qg4 h5 23. Qg5 a4 24. Be4 Be7 25. Qe5 f6 26. Qf4 e5 27. Qe3 Bf7 28. bxa4 Rxa4 29. Qf3 Ra6 30. Bc1 g6 31. Qe2 Bf8 32. Rd1 c4 33. Bf3 Rd6 34. Be3 cxd3 35. cxd3 Rxd3 36. Rxd3 Qxd3 37. Qxd3 Rxd3 38. Rxb5 Rxa3 39.
Rb8 Kg7 40. Kg2 Rc3 41. Rb7 Kg8 42. Rb8 Kg7 43. Rb7 Kg8 44. Rb8 Be6 45. Bb7 Kf7 46.
Bf3 Rc7 47. Bb6 Rd7 48. Bc6 Bd5+ 49. Bxd5+ Rxd5 50. Rb7+ Be7 51. Be3 Ke6 52. Rb6+ Bd6 53. Ra6 Kf5 54. Ra4 Rb5 55. Kf3 Rb3 56. Rc4 Bb4 57. Kg2 Rb2 58. Rc8 Bd6 59. Rd8 Be7 60. Re8 Ba3 61. Ra8 Rb3 62. Ra6 Bb2 63. Ra2 Bd4 64.
Bd2 Ke4 65. Rc2 f5 66. Bg5 Kd3 67. Rd2+ Kc3 68. Ra2 Rb1 69. Ra3+ Kb4 70. Ra8 Kc4 71. Rc8+ Kd5 72. Ra8 Rb2 73. Kh3 Rxf2 74. Rd8+ Ke4 75. Ra8 Rc2 76. Ra4 Kd3 77. Ra3+ Rc3 78. Ra2 e4 79.
Rd2+ Kc4 80. Rxd4+ Kxd4 81. Bf6+ Kd3 82. Bxc3 Kxc3 83.
g4 hxg4+ 84. Kg3 e3 85. Kf4 e2 86. h5 gxh5 87. Kg5 e1=Q 88. Kh6 f4 89. Kg7 f3 90. Kh7 0-1

[Event "Early-Titled-Tuesday-Blitz-September-05-2023"]
[Site "Chess.com"]
[Date "2023.09.05"]
[Round "1"]
[White "Herzog2012"]
[Black "AsadliVugar"]
[Result "0-1"]
[WhiteElo "2437"]
[BlackElo "2790"]
[TimeControl "180+1"]
[EndTime "8:09:20 PDT"]
[Termination "AsadliVugar won by checkmate"]

1. e4 c5 2. Nf3 Nc6 3. d4 cxd4 4. Nxd4 Nf6 5. Nc3 e5 6. Ndb5 d6 7. Nd5 Nxd5 8. exd5 Ne7 9. c3 Nf5 10. a4 Be7 11.
Bd3 O-O 12. O-O Nh4 13. f4 a6 14. Na3 exf4 15. Bxf4 f5 16. Nc4 Ng6 17. Be3 Bd7 18. Qc2 f4 19. Bxg6 hxg6 20. Bxf4 b5 21. Ne3 g5 22.
Bg3 Qb6 23. Qd2 bxa4 24. Bf2 Qb5 25. Nc2 Rab8 26. Rab1 Bf5 27. Nd4 Qxd5 28. Rbe1 Bf6 29. Qd1 Bd7 30. Qc2 Rbe8 31. Rxe8 Rxe8 32. Qd3 Bb5 33.
Qg6 Qf7 34. Qxf7+ Kxf7 35. Re1 Rb8 36. Nf5 Be5 37. Bd4 Bd7 38. Bxe5 Bxf5 39. Bxd6 Rxb2 40.
Re7+ Kg6 41. Ra7 Bd3 42. g4 Rb3 43. Be5 a3 44. Rxg7+ Kh6 45. c4 a2 46. Rg8 a1=Q+ 47.
Kf2 Rb1 48. Bxa1 Rxa1 49. c5 Rc1 50. Ke3 Bb5 51. Kd4 Rc2 52. Rh8+ Kg7 53. Rh5 Kg6 54.
h4 gxh4 55. Rxh4 Rd2+ 56. Ke5 Bc6 57. Ke6 Rd5 58. Rh5 Rd4 59. Ke7 a5 60. Re5 Rd7+ 61. Ke6 a4 62. Re3 Rd4 63. Rc3 Kg5 64. Ke5 Rd5+ 65.
Ke6 Rd1 66. Ke5 Kxg4 67. Ke6 Kf4 68. Rc4+ Ke3 69. Rb4 Rd5 70. Rb6 Rxc5 71. Kd6 Rc3 72. Ra6 Kd4 73. Ra5 Kd3 74. Ke5 Rc4 75. Kd6 Kc3 76.
Ra6 Kb3 77. Ra8 a3 78. Rb8+ Rb4 79. Rh8 a2 80. Rh1 Be4 81. Rh3+ Ka4 82. Rh1 Bb1 83. Rh8 Rb5 84. Ra8+ Ra5 85. Rb8 a1=Q 86. Kc6 Qc3+ 87. Kd6 Qe5+ 88. Kd7 Bf5+ 89. Kc6 Qc5+ 90. Kb7 Ra7# 0-1

[Event "Early-Titled-Tuesday-Blitz-September-05-2023"]
[Site "Chess.com"]
[Date "2023.09.05"]
[Round "1"]
[White "IngOscarArdila"]
[Black "DumbKing75"]
[Result "1-0"]
[WhiteElo "2387"]
[BlackElo "2654"]
[TimeControl "180+1"]
[EndTime "8:09:22 PDT"]
[Termination "IngOscarArdila won on time"]

1. d4 Nf6 2. c4 g6 3. Nc3 Bg7 4.
Nf3 O-O 5. e3 d6 6. Be2 Nbd7 7.
O-O e5 8. dxe5 dxe5 9. Qc2 Re8 10. Rd1 c6 11. b3 Qc7 12. Ba3 Bf8 13. Bxf8 Kxf8 14.
b4 a5 15. a3 Kg7 16. c5 Nf8 17. h3 Bf5 18. Qb2 N6d7 19. g4 Be6 20. Ne4 f6 21. Nd6 Reb8 22. g5 axb4 23. axb4 Rxa1 24. Rxa1 b6 25.
gxf6+ Kxf6 26. Qc3 bxc5 27. bxc5 Rb3 28. Qc2 Qb8 29.
Bc4 Bxc4 30. Qxc4 Ne6 31. Qh4+ g5 32. Qh6+ Ke7 33. Qxh7+ Kd8 34. Qh8+ Nef8 35. Nxg5 Rb1+ 36. Rxb1 Qxb1+ 37. Kh2 Qg6 38. Qh4 Kc7 39. Qg3 Nxc5 40. Nc4 Nfd7 41. Nxe5 Nxe5 42. Qxe5+ Kb6 43. f4 Qc2+ 44. Kg3 Qc1 45. Qd4 Qg1+ 46. Kh4 Qf2+ 47. Kh5 Qc2 48. h4 Kb7 49. Qg7+ Kb6 50. Qh8 Qe2+ 51. Kh6 Qxe3 52. Qf6 Nd7 53. Qd8+ Kb5 54. Qxd7 Qxf4 55. Kh5 Qe3 56. Qe6 Qd4 57. Qe2+ Kb6 58. Qe6 Qh8+ 59. Kg4 Qd4+ 60. Qe4 Qg1+ 61. Kf5 Qf1+ 62.
Kg6 Qc1 63. Qd4+ c5 64. Qd6+ Kb5 65. h5 Qc2+ 66. Kg7 Qb2+ 67. Qf6 Qg2 68. h6 c4 69. h7 Qb7+ 70. Nf7 Qg2+ 71. Qg6 Qb2+ 72. Qf6 c3 73. h8=Q Qg2+ 74. Ng5 c2 75. Qb8+ Kc4 76. Qc7+ Kd3 77. Qcd6+ Ke2 78. Qfe5+ Kf1 79. Qa6+ Kg1 80. Qc5+ Kh1 81. Qa1+ Kh2 82. Qc1 1-0

[Event "Early-Titled-Tuesday-Blitz-September-05-2023"]
[Site "Chess.com"]
[Date "2023.09.05"]
[Round "1"]
[White "KVAIDAN"]
[Black "TrenerChos"]
[Result "0-1"]
[WhiteElo "2212"]
[BlackElo "2590"]
[TimeControl "180+1"]
[EndTime "8:09:31 PDT"]
[Termination "TrenerChos won by resignation"]

1. f4 d5 2. Nf3 Nf6 3. e3 c5 4. Be2 Nc6 5. O-O e5 6. fxe5 Nd7 7. d4 Be7 8. c3 O-O 9. Qe1 f6 10. exf6 Nxf6 11. Nbd2 Ng4 12. Nb3 c4 13. Nc5 Bxc5 14.
dxc5 Qe7 15. Bd1 Qxc5 16. Nd4 Rxf1+ 17. Qxf1 Bd7 18. Qf4 Rf8 19. Qg3 Nge5 20. Bc2 Qe7 21. e4 Nxd4 22. cxd4 Ng4 23. e5 Nf2 24. Be3 Nd3 25.
Bxd3 cxd3 26. Bg5 Qb4 27. Qxd3 Bb5 28. Qc3 Qxc3 29. bxc3 Rc8 30. e6 Rxc3 31. Rb1 Bc6 32. e7 h6 33. Bd2 Rc2 34. Bb4 Rxa2 35. Bd6 Re2 36. Rf1 Re6 37. Rf8+ Kh7 38. Bc5 b6 39. Bb4 a5 40. Ba3 Re3 41. Rc8 Ba4 42. Bd6 Re4 43.
Be5 Re2 44. Rb8 Rb2 45. Bc7 Kg6 46. e8=Q+ Bxe8 47. Rxe8 a4 48. Ra8 b5 49. Bd6 Kf5 50.
Bc5 Ke4 51. h3 Kd3 52. Ra7 Kc4 53. Rxg7 b4 54. Ra7 Ra2 55. g4 b3 56. Rb7 b2 57. h4 Ra1+ 58. Kg2 b1=Q 59. Rxb1 Rxb1 60. g5 hxg5 61. hxg5 Rb8 62. g6 Kb3 63. g7 Rg8 64. Bf8 a3 65. Kg3 Rxg7+ 66. Bxg7 a2 67. Kf4 a1=Q 68.
Ke5 Qg1 69. Bf6 Qg2 70. Be7 Kc4 71. Bc5 Qe4+ 72. Kd6 Qe8 73. Kc7 Qb5 74. Kd6 Qb7 75.
Ke5 Qd7 76. Kf4 Kd3 77. Ke5 Qd8 78. Bd6 Qg5+ 79. Ke6 Kxd4 80. Be7 Qe5+ 81. Kd7 Ke4 82. Bd6 d4 83. Kc6 d3 84. Bxe5 Kxe5 85. Kc5 d2 86.
Kc4 d1=Q 0-1